[ AOE2 MATCH · #495922261 ]
UnrankedJapanese vs Goths
Player's team · WIN
Rival team · LOSS
[ REPLAY ANALYSIS · EXTRACTED FROM THE RECORDED GAME ]
Feudal
8:51
Castle
18:01
Imperial
—
| APM avg | 61.0 |
| APM peak | 119 |
| eAPM avg | 31.7 |
| Villagers / military | 163 / 117 |
Focus
⚔️ 33.3% · 🌾 66.7%
Samurai ×97 · Monk ×8 · Skirmisher ×6 · Battering Ram ×3 · Mangonel ×2 · Scout Cavalry ×1
Feudal
9:02
Castle
18:52
Imperial
—
| APM avg | 53.8 |
| APM peak | 109 |
| eAPM avg | 27.1 |
| Villagers / military | 75 / 51 |
Focus
⚔️ 30.2% · 🌾 69.8%
Huskarl ×7 · Scorpion ×7 · Skirmisher ×7 · Battering Ram ×7 · Scout Cavalry ×7 · Mangonel ×4
Match map
Initial resources + every placement click. Lines = walls · curves = elevation contours. ◆ gold · ⬟ stone · ● berries · ✦ relic · ◌ wall gap
Your base· Open — 5t gap
Fizban's base· ✓ Closed at 18:52 · 38t walls · 1 gate(s)
Smoothed initial terrain · ◌ = detected wall gap · hover for details
Inputs per minute
— 明明是金叶骗我是粥 - - Fizban
Build order — 明明是金叶骗我是粥
First 150 of 476 actions detected
| 0:01 | Create | Villager (Male) |
| 0:01 | Create | Villager (Male) |
| 0:01 | Create | Villager (Male) |
| 0:01 | Create | Villager (Male) |
| 0:02 | Build | House |
| 0:03 | Build | House |
| 1:24 | Create | Villager (Male) |
| 1:24 | Create | Villager (Male) |
| 2:00 | Create | Villager (Male) |
| 2:00 | Create | Villager (Male) |
| 2:03 | Build | Lumber Camp |
| 2:21 | Create | Villager (Male) |
| 2:21 | Create | Villager (Male) |
| 2:51 | Create | Villager (Male) |
| 2:51 | Create | Villager (Male) |
| 2:51 | Create | Villager (Male) |
| 3:10 | Build | House |
| 3:28 | Create | Villager (Male) |
| 3:28 | Create | Villager (Male) |
| 3:28 | Create | Villager (Male) |
| 3:36 | Build | House |
| 3:45 | Build | Mill |
| 4:06 | Create | Villager (Male) |
| 4:07 | Create | Villager (Male) |
| 4:07 | Create | Villager (Male) |
| 4:07 | Create | Villager (Male) |
| 4:57 | Create | Villager (Male) |
| 4:57 | Create | Villager (Male) |
| 5:19 | Research | Loom |
| 5:24 | Create | Villager (Male) |
| 5:24 | Research | Loom |
| 6:27 | Research | Feudal Age |
| 6:27 | Research | Feudal Age |
| 6:27 | Research | Feudal Age |
| 6:44 | Build | Lumber Camp |
| 7:24 | Build | Palisade Wall |
| 7:57 | Build | Barracks |
| 8:16 | Create | Villager (Male) |
| 8:27 | Build | House |
| 8:31 | Build | Palisade Wall |
| 8:51 | Age | Feudal Age |
| 8:54 | Build | Archery Range |
| 8:55 | Build | Palisade Wall |
| 9:02 | Research | Double-Bit Axe |
| 9:06 | Create | Villager (Male) |
| 9:16 | Build | Palisade Wall |
| 9:24 | Create | Villager (Male) |
| 9:35 | Build | House |
| 9:36 | Build | Palisade Wall |
| 9:37 | Build | Palisade Wall |
| 9:47 | Create | Skirmisher |
| 9:49 | Create | Villager (Male) |
| 9:51 | Research | Horse Collar |
| 9:51 | Research | Horse Collar |
| 10:17 | Create | Skirmisher |
| 10:23 | Create | Villager (Male) |
| 10:25 | Build | Farm |
| 10:40 | Create | Skirmisher |
| 10:42 | Create | Villager (Male) |
| 10:45 | Build | Farm |
| 10:59 | Build | Farm |
| 10:59 | Create | Villager (Male) |
| 11:09 | Build | Farm |
| 11:18 | Create | Villager (Male) |
| 11:29 | Create | Skirmisher |
| 11:34 | Build | Farm |
| 11:34 | Create | Villager (Male) |
| 11:41 | Create | Skirmisher |
| 12:08 | Build | Farm |
| 12:08 | Create | Villager (Male) |
| 12:25 | Build | House |
| 12:26 | Build | House |
| 12:26 | Build | House |
| 12:45 | Create | Villager (Male) |
| 12:53 | Build | House |
| 12:54 | Build | House |
| 12:58 | Create | Skirmisher |
| 13:03 | Build | Mining Camp |
| 13:05 | Create | Villager (Male) |
| 13:07 | Research | Wheelbarrow |
| 13:07 | Research | Wheelbarrow |
| 13:27 | Build | Blacksmith |
| 14:18 | Build | House |
| 14:23 | Create | Villager (Male) |
| 15:21 | Research | Castle Age |
| 15:22 | Research | Castle Age |
| 15:57 | Research | Gold Mining |
| 15:58 | Research | Gold Mining |
| 15:58 | Research | Gold Mining |
| 16:37 | Build | Stable |
| 16:45 | Research | Stone Mining |
| 16:45 | Research | Stone Mining |
| 16:54 | Build | Farm |
| 16:57 | Build | Farm |
| 17:03 | Research | Town Watch |
| 17:03 | Research | Town Watch |
| 17:03 | Create | Villager (Male) |
| 18:01 | Age | Castle Age |
| 18:07 | Build | Town Center |
| 18:15 | Build | Town Center |
| 18:17 | Research | Bow Saw |
| 18:17 | Research | Bow Saw |
| 18:21 | Build | Monastery |
| 18:40 | Build | Farm |
| 18:42 | Build | Farm |
| 18:56 | Create | Villager (Male) |
| 19:06 | Create | Villager (Male) |
| 19:07 | Create | Monk |
| 19:07 | Create | Monk |
| 19:16 | Build | Farm |
| 19:29 | Create | Scout Cavalry |
| 19:30 | Create | Villager (Male) |
| 19:33 | Research | Heavy Plow |
| 19:33 | Research | Heavy Plow |
| 19:34 | Create | Villager (Male) |
| 19:36 | Create | Villager (Male) |
| 19:40 | Build | Farm |
| 19:48 | Create | Villager (Male) |
| 19:57 | Create | Villager (Male) |
| 20:04 | Create | Monk |
| 20:05 | Create | Villager (Male) |
| 20:06 | Create | Villager (Male) |
| 20:08 | Build | Farm |
| 20:10 | Build | Farm |
| 20:19 | Create | Villager (Male) |
| 20:27 | Create | Villager (Male) |
| 20:42 | Create | Villager (Male) |
| 20:47 | Create | Villager (Male) |
| 20:55 | Create | Villager (Male) |
| 21:06 | Build | House |
| 21:08 | Build | House |
| 21:14 | Build | House |
| 21:16 | Build | Palisade Wall |
| 21:20 | Build | Siege Workshop |
| 21:21 | Create | Villager (Male) |
| 21:22 | Create | Villager (Male) |
| 21:28 | Build | Farm |
| 21:29 | Build | Farm |
| 21:30 | Create | Villager (Male) |
| 21:30 | Create | Villager (Male) |
| 21:45 | Build | Palisade Wall |
| 21:50 | Create | Villager (Male) |
| 21:50 | Create | Villager (Male) |
| 21:51 | Build | Farm |
| 21:54 | Build | Farm |
| 21:55 | Build | Farm |
| 21:59 | Create | Villager (Male) |
| 21:59 | Create | Villager (Male) |
| 21:59 | Create | Villager (Male) |
| 22:11 | Create | Villager (Male) |
Build order — Fizban
First 150 of 248 actions detected
| 0:00 | Create | Villager (Male) ×4 |
| 0:01 | Build | House |
| 0:02 | Build | House |
| 1:29 | Create | Villager (Male) |
| 1:50 | Create | Villager (Male) |
| 2:14 | Build | Lumber Camp |
| 2:18 | Build | Lumber Camp |
| 2:21 | Create | Villager (Male) |
| 2:36 | Build | House |
| 2:54 | Create | Villager (Male) |
| 3:09 | Create | Villager (Male) |
| 3:36 | Create | Villager (Male) |
| 4:05 | Create | Villager (Male) |
| 4:34 | Create | Villager (Male) |
| 4:34 | Create | Villager (Male) |
| 4:44 | Build | Mill |
| 5:17 | Create | Villager (Male) |
| 5:47 | Create | Villager (Male) |
| 5:51 | Research | Loom |
| 6:05 | Build | House |
| 6:19 | Create | Villager (Male) |
| 6:52 | Research | Feudal Age |
| 7:26 | Create | Villager (Male) |
| 7:41 | Build | Barracks |
| 7:45 | Build | Barracks |
| 8:15 | Build | House |
| 8:41 | Build | Palisade Wall |
| 8:46 | Create | Villager (Male) |
| 9:01 | Create | Villager (Male) |
| 9:02 | Age | Feudal Age |
| 9:08 | Build | Archery Range |
| 9:15 | Research | Double-Bit Axe |
| 9:28 | Build | Palisade Wall |
| 9:33 | Create | Villager (Male) |
| 9:53 | Build | House |
| 9:55 | Build | House |
| 9:56 | Build | Palisade Wall |
| 10:07 | Build | Mining Camp |
| 10:07 | Create | Villager (Male) |
| 10:27 | Build | House |
| 10:30 | Build | Palisade Wall |
| 10:49 | Create | Skirmisher |
| 10:59 | Create | Spearman |
| 11:03 | Create | Villager (Male) |
| 11:14 | Build | Lumber Camp |
| 11:19 | Create | Villager (Male) |
| 11:22 | Build | House |
| 11:34 | Create | Spearman |
| 11:35 | Create | Skirmisher |
| 11:45 | Create | Villager (Male) |
| 11:52 | Create | Skirmisher |
| 12:05 | Create | Villager (Male) |
| 12:07 | Build | Farm |
| 12:10 | Build | Farm |
| 12:16 | Build | House |
| 12:19 | Build | Palisade Wall |
| 12:25 | Build | Palisade Wall |
| 12:31 | Build | House |
| 12:31 | Create | Villager (Male) |
| 12:38 | Create | Villager (Male) |
| 12:53 | Create | Villager (Male) |
| 13:13 | Create | Villager (Male) |
| 13:17 | Build | Farm |
| 13:18 | Build | Farm |
| 13:20 | Build | Farm |
| 13:28 | Create | Skirmisher |
| 13:51 | Build | Blacksmith |
| 13:58 | Create | Villager (Male) |
| 14:12 | Build | House |
| 14:16 | Build | Palisade Wall |
| 14:24 | Create | Villager (Male) |
| 14:40 | Build | Farm |
| 14:41 | Build | Farm |
| 14:42 | Research | Horse Collar |
| 14:58 | Build | Palisade Gate |
| 15:02 | Create | Villager (Male) |
| 15:09 | Build | Farm |
| 15:11 | Build | Farm |
| 15:19 | Build | Farm |
| 15:44 | Build | Farm |
| 15:45 | Create | Villager (Male) |
| 15:56 | Build | Farm |
| 15:59 | Build | Farm |
| 16:12 | Research | Castle Age |
| 16:13 | Research | Castle Age |
| 16:18 | Create | Skirmisher |
| 16:29 | Build | Mining Camp |
| 16:31 | Build | Palisade Wall |
| 16:38 | Research | Horse Collar |
| 17:12 | Research | Stone Mining |
| 17:41 | Create | Skirmisher |
| 18:14 | Build | Stable |
| 18:47 | Create | Villager (Male) |
| 18:52 | Age | Castle Age |
| 18:55 | Research | Bow Saw |
| 19:09 | Create | Knight |
| 19:09 | Create | Knight |
| 19:31 | Create | Villager (Male) |
| 19:31 | Create | Villager (Male) |
| 20:13 | Build | Castle |
| 20:15 | Create | Knight |
| 20:16 | Create | Spearman |
| 20:24 | Create | Villager (Male) |
| 20:31 | Build | Market |
| 21:02 | Build | Palisade Gate |
| 21:05 | Create | Villager (Male) |
| 21:07 | Create | Villager (Male) |
| 21:14 | Build | Siege Workshop |
| 21:26 | Build | Monastery |
| 21:34 | Build | Mining Camp |
| 21:40 | Research | Wheelbarrow |
| 21:42 | Create | Villager (Male) |
| 21:48 | Create | Huskarl |
| 22:04 | Create | Villager (Male) |
| 22:21 | Create | Battering Ram |
| 22:25 | Build | Outpost |
| 22:32 | Create | Villager (Male) |
| 22:38 | Research | Gold Mining |
| 22:41 | Build | Lumber Camp |
| 22:49 | Build | Outpost |
| 22:51 | Build | Outpost |
| 22:59 | Research | Fletching |
| 23:19 | Create | Scout Cavalry |
| 23:24 | Create | Monk |
| 23:32 | Create | Villager (Male) |
| 23:42 | Build | Outpost |
| 23:44 | Build | Outpost |
| 23:54 | Build | Palisade Wall |
| 23:54 | Build | Palisade Wall |
| 23:57 | Build | Palisade Wall |
| 23:58 | Build | Palisade Wall |
| 23:59 | Build | Palisade Wall |
| 24:09 | Create | Villager (Male) |
| 24:21 | Build | Palisade Wall |
| 24:24 | Create | Villager (Male) |
| 24:28 | Create | Mangonel |
| 24:50 | Create | Scout Cavalry |
| 24:52 | Build | Palisade Wall |
| 24:54 | Build | Palisade Wall |
| 24:56 | Build | Palisade Wall |
| 25:06 | Create | Villager (Male) |
| 25:19 | Create | Scout Cavalry |
| 25:25 | Create | Battering Ram |
| 25:29 | Build | Palisade Gate |
| 25:37 | Build | Palisade Wall |
| 25:37 | Build | Palisade Wall |
| 25:39 | Create | Villager (Male) |
| 25:48 | Create | Scout Cavalry |
| 25:53 | Create | Scout Cavalry |
| 26:03 | Create | Battering Ram |
Match timeline
| 7:24 | 明明是金叶骗我是粥 · wall_segment Palisade Wall x9 |
| 7:41 | Fizban · first_building Barracks |
| 7:57 | 明明是金叶骗我是粥 · first_building Barracks |
| 8:31 | 明明是金叶骗我是粥 · wall_segment Palisade Wall x4 |
| 8:41 | Fizban · wall_segment Palisade Wall x4 |
| 8:51 | 明明是金叶骗我是粥 · age_up feudal |
| 8:54 | 明明是金叶骗我是粥 · first_building Archery Range |
| 8:55 | 明明是金叶骗我是粥 · wall_segment Palisade Wall x1 |
| 9:02 | Fizban · age_up feudal |
| 9:08 | Fizban · first_building Archery Range |
| 9:16 | 明明是金叶骗我是粥 · wall_segment Palisade Wall x7 |
| 9:28 | Fizban · wall_segment Palisade Wall x5 |
| 9:36 | 明明是金叶骗我是粥 · wall_segment Palisade Wall x1 |
| 9:37 | 明明是金叶骗我是粥 · wall_segment Palisade Wall x1 |
| 9:56 | Fizban · wall_segment Palisade Wall x1 |
| 10:30 | Fizban · wall_segment Palisade Wall x12 |
| 12:19 | Fizban · wall_segment Palisade Wall x6 |
| 12:25 | Fizban · wall_segment Palisade Wall x8 |
| 14:16 | Fizban · wall_segment Palisade Wall x1 |
| 16:31 | Fizban · wall_segment Palisade Wall x1 |
| 16:37 | 明明是金叶骗我是粥 · first_building Stable |
| 18:01 | 明明是金叶骗我是粥 · age_up castle |
| 18:14 | Fizban · first_building Stable |
| 18:21 | 明明是金叶骗我是粥 · first_building Monastery |
| 18:52 | Fizban · age_up castle |
| 20:13 | Fizban · first_building Castle |
| 21:14 | Fizban · first_building Siege Workshop |
| 21:16 | 明明是金叶骗我是粥 · wall_segment Palisade Wall x1 |
| 21:20 | 明明是金叶骗我是粥 · first_building Siege Workshop |
| 21:26 | Fizban · first_building Monastery |
| 21:45 | 明明是金叶骗我是粥 · wall_segment Palisade Wall x1 |
| 23:23 | Fizban · first_market_sell 100 food |
| 23:46 | 明明是金叶骗我是粥 · first_building Castle |
| 23:54 | Fizban · wall_segment Palisade Wall x1 |
| 23:54 | Fizban · wall_segment Palisade Wall x1 |
| 23:57 | Fizban · wall_segment Palisade Wall x1 |
| 23:58 | Fizban · wall_segment Palisade Wall x1 |
| 23:59 | Fizban · wall_segment Palisade Wall x1 |
| 24:21 | Fizban · wall_segment Palisade Wall x3 |
| 24:52 | Fizban · wall_segment Palisade Wall x3 |
| 24:54 | Fizban · wall_segment Palisade Wall x1 |
| 24:56 | Fizban · wall_segment Palisade Wall x1 |
| 25:37 | Fizban · wall_segment Palisade Wall x2 |
| 25:37 | Fizban · wall_segment Palisade Wall x1 |
| 26:01 | 明明是金叶骗我是粥 · first_market_buy 100 food |
| 28:14 | Fizban · wall_segment Palisade Wall x1 |
| 28:15 | Fizban · wall_segment Palisade Wall x1 |
| 28:33 | Fizban · wall_segment Palisade Wall x1 |
| 28:37 | Fizban · wall_segment Palisade Wall x1 |
| 32:09 | 明明是金叶骗我是粥 · first_market_sell 500 wood |
| 33:14 | Fizban · wall_segment Palisade Wall x1 |
| 36:44 | Fizban · resign |
[ AI ANALYSIS · 1 CREDIT ]
What really happened in this match?
Wolo.gg analyzes every decision: build order, eco, micro, common mistakes by bracket. Personalized analysis on WhatsApp or Discord in 30 seconds.
Civ guide
Japanese
Perfil
Jugador #25249906